AoeStats
← 17_Neo_

Black Forest

504976287Analyzed
1v1 RM · 25d ago on Sep 7, 2026· 56m 40s· 2 players
Game mode
Random Map
Map size
Tiny (2 player)
Population
200
Speed
Normal
Resources
Standard
Victory
Conquest
Starting age
Dark Age
Ending age
Imperial Age
RankedLock teamsTeams togetherTeam positionsShared explorationLock speedFull tech treeHidden civsTurbo modeCheats
Victory
Defeat
🇨🇴 Turks · Colombia
1722
+15
🇷🇺 Teutons · Russia
1703
-15
inhoftah
1:28 Loom
12:57 Feudal Age
14:11 Double-Bit Axe
16:53 Castle Age
14:54 Horse Collar
18:47 Bow Saw
21:04 Town Watch
22:34 Wheelbarrow
24:55 Hand Cart
26:51 Fortified Wall
27:11 Town Patrol
30:40 Imperial Age
28:16 Stone Mining
28:17 Gold Mining
28:28 Heavy Plow
29:34 Fletching
29:45 Scale Mail Armor
30:06 Ballistics
30:46 Bodkin Arrow
31:49 Guilds
32:04 Conscription
32:50 Chemistry
31:29 Pikeman
32:09 Squires
32:46 Town Patrol
33:47 Two-Man Saw
33:18 Crop Rotation
33:24 Stone Shaft Mining
34:06 Scale Barding Armor
34:51 Crenellations
34:04 Halberdier
35:00 Chain Mail Armor
34:56 Forging
35:12 Bloodlines
35:24 Chain Barding Armor
34:53 Cavalier
36:16 Hoardings
35:53 Masonry
36:27 Siege Engineers
37:25 Plate Barding Armor
38:06 Iron Casting
38:35 Plate Mail Armor
40:41 Blast Furnace
39:44 Onager
17_Neo_
5:16 Loom
11:27 Feudal Age
12:55 Double-Bit Axe
12:50 Horse Collar
15:48 Castle Age
15:18 Wheelbarrow
17:10 Bow Saw
17:07 Heavy Plow
23:39 Stone Mining
23:40 Gold Mining
29:18 Imperial Age
27:25 Hand Cart
26:57 Town Watch
29:10 Town Patrol
29:23 Elite Janissary
30:11 Padded Archer Armor
30:14 Artillery
30:39 Conscription
31:07 Hoardings
30:55 Scale Barding Armor
30:56 Sappers
31:39 Forging
31:43 Bloodlines
31:34 Husbandry
31:31 Heavy Camel Rider
33:35 Chain Barding Armor
33:51 Iron Casting
33:32 Leather Archer Armor
34:02 Town Patrol
35:32 Plate Barding Armor
39:53 Ballistics
39:54 Bombard Tower
39:20 Arrowslits
41:49 Blast Furnace
47:27 Fortified Wall
Connection lost

Rejoining the realm…

Still unreachable

The connection could not be restored.

Session expired

The server has moved on; the page needs a fresh start.